 Dungeon Crawl Stone Soup version 0.20.1-1-g8b1a95d (webtiles) character file.

376 Ladykiller69 the Chiller (level 6, -2/41 HPs)
             Began as a Vampire Ice Elementalist on July 14, 2017.
             Was a Follower of Vehumet.
             Slain by a gnoll
             ... wielding a +0 halberd
              (8 damage)
             ... on level 5 of the Dungeon.
             The game lasted 00:12:37 (3021 turns).

Ladykiller69 the Chiller (Vampire Ice Elementalist) Turns: 3021, Time: 00:12:37

Health: -2/41      AC:  4    Str:  7    XL:     6   Next: 44%
Magic:  10/10      EV: 13    Int: 18    God:    Vehumet [*.....]
Gold:   234        SH:  0    Dex: 16    Spells: 3/11 levels left

rFire    . . .     SeeInvis +   z - +2 dagger (venom)
rCold    . . .     Gourm    .   (no shield)
rNeg     . . .     Faith    .   a - +0 robe
rPois    .         Spirit   .   r - +1 helmet
rElec    .         Reflect  .   (no cloak)
rCorr    .         Harm     .   (no gloves)
MR       .....                  (no boots)
Stlth    ++........             (no amulet)
Regen    0.4/turn               (no ring)
MPRegen  0.2/turn               (no ring)

@: regenerating quickly
A: fangs 3, see invisible, unbreathing
a: Renounce Religion


You were on level 5 of the Dungeon.
You worshipped Vehumet.
Vehumet was aware of your devotion.
You were very full.

You visited 1 branch of the dungeon, and saw 5 of its levels.

You collected 234 gold pieces.

Inventory:

Hand Weapons
 z - a +2 dagger of venom (weapon)
Armour
 a - a +0 robe (worn)
 m - a +0 helmet
 p - a +0 pair of gloves
 r - a +1 helmet (worn)
Jewellery
 o - an uncursed ring of stealth {unknown}
Scrolls
 e - 3 scrolls of enchant weapon {unknown}
 f - a scroll of random uselessness {unknown}
 i - 4 scrolls of identify {unknown}
 k - a scroll of recharging {unknown}
 n - 2 scrolls of remove curse {unknown}
 s - 3 scrolls of teleportation {unknown}
 w - 3 scrolls of blinking {unknown}
 y - a scroll of fear {unknown}
Potions
 c - 12 potions of blood
 d - a potion of brilliance {unknown}
 g - 2 potions of might {unknown}
 h - 3 potions of flight {unknown}
 j - 3 potions of berserk rage {unknown}
 l - 2 potions of heal wounds {unknown}
 q - a potion of cancellation {unknown}
 t - a potion of lignification {unknown}
 u - a potion of ambrosia {unknown}
 x - a potion of curing {unknown}
Books
 b - a book of Frost

   Spells                             Type                      Level
   a - Freeze                         Ice                          1
   b - Throw Frost                    Conjuration/Ice              2
   c - Ozocubu's Armour               Charms/Ice                   3
   d - Throw Icicle                   Conjuration/Ice              4
   e - Summon Ice Beast               Ice/Summoning                4
 v - a book of Minor Magic

   Spells                             Type                      Level
   a - Magic Dart                     Conjuration                  1
   b - Blink                          Translocation                2
   c - Call Imp                       Summoning                    2
   d - Slow                           Hexes                        2
   e - Conjure Flame                  Conjuration/Fire             3
   f - Mephitic Cloud                 Conjuration/Poison/Air       3


   Skills:
 - Level 2.1 Dodging
 - Level 3.0 Stealth
 - Level 3.0 Spellcasting
 - Level 0.6 Conjurations
 + Level 2.1 Charms
 * Level 6.4 Ice Magic


You had 3 spell levels left.
You knew the following spells:

 Your Spells              Type           Power        Failure   Level  Hunger
a - Freeze                Ice            ####         1%          1    None
b - Throw Frost           Conj/Ice       ###...       6%          2    ##.....
c - Blink                 Tloc           N/A          24%         2    ##.....
d - Ozocubu's Armour      Chrm/Ice       ###.....     9%          3    ###....


Dungeon Overview and Level Annotations

Branches:
Dungeon (5/15)             Temple (0/1) D:4

Altars:
Okawaru
Vehumet
The Shining One

Shops:
D:4 (*

Annotations:
D:4 exclusions: door and 1 more exclusion


Innate Abilities, Weirdness & Mutations

Your natural rate of healing is unusually fast.
You have razor-sharp teeth.
You have supernaturally acute eyesight. (SInv)
You can survive without breathing.


Message History

The ogre is lightly wounded.
The gnoll hits you with a halberd!
You hit the ogre.
The ogre looks as sick as possible!
The ogre is moderately wounded.
The ogre misses you. The gnoll barely misses you.
You hit the ogre.
The ogre is heavily wounded.
The ogre hits you with a giant club!!
Ouch! That really hurt!
* * * LOW HITPOINT WARNING * * *
The gnoll completely misses you.
The crimson imp blinks!
The gnoll hits you with a halberd.
* * * LOW HITPOINT WARNING * * *
The gnoll barely misses you.
The crimson imp blinks!
The gnoll misses you.
You kill the ogre!
Vehumet accepts your kill.
Your Charms skill increases to level 2!
The gnoll hits you from afar with a halberd!
You die...

.........
.......$#
#.....[..
#........
#.ยง......
#####........
#..<.........
#.g..........
.
#.).@.)......
.
#....#######.
#....#
###....
#....# .
#...... .
#....##.
#..... . #


You could see a gnoll.

Vanquished Creatures
  An ogre (D:5)
  A crimson imp (D:4)
  An orc wizard (D:4)
  An orc priest (D:5)
  An iguana (D:4)
  A worker ant (D:4)
  3 gnolls
  2 adders
  An adder skeleton (D:4)
  3 worms
  A dart slug (D:2)
  3 leopard geckos
  An orc (D:4)
  2 ball pythons
  4 giant cockroaches
  5 hobgoblins
  15 jackals
  2 quokkas
  7 bats
  4 frilled lizards
  12 goblins
  7 kobolds
  A quokka skeleton (D:4)
  4 rats
83 creatures vanquished.

Notes
Turn   | Place    | Note
-------+----------+-------------------------------------------
     0 | D:1      | Ladykiller69 the Vampire Ice Elementalist began the quest for the Orb.
     0 | D:1      | Reached XP level 1. HP: 13/13 MP: 3/3
   282 | D:1      | Reached XP level 2. HP: 17/19 MP: 0/5
   902 | D:2      | Reached XP level 3. HP: 17/24 MP: 2/6
  1042 | D:2      | Reached skill level 4 in Ice Magic
  1489 | D:3      | Learned a level 2 spell: Throw Frost
  1511 | D:3      | Found a faded altar of an unknown god.
  1525 | D:3      | Found a radiant altar of Vehumet.
  1532 | D:3      | Became a worshipper of Vehumet
  1570 | D:3      | Reached XP level 4. HP: 30/30 MP: 5/7
  2016 | D:3      | Learned a level 2 spell: Blink
  2200 | D:4      | Found a glowing golden altar of the Shining One.
  2301 | D:4      | Found Voeq Bimm's General Store.
  2309 | D:4      | Reached skill level 5 in Ice Magic
  2358 | D:4      | Reached XP level 5. HP: 29/35 MP: 3/9
  2393 | D:4      | Found Issiad's Antique Weapon Shop.
  2574 | D:4      | Found an iron altar of Okawaru.
  2577 | D:4      | Noticed an ice beast
  2755 | D:4      | Found a staircase to the Ecumenical Temple.
  2815 | D:4      | Learned a level 3 spell: Ozocubu's Armour
  2832 | D:5      | Entered Level 5 of the Dungeon
  2834 | D:5      | Noticed a centaur
  2841 | D:4      | Reached * piety under Vehumet
  2841 | D:4      | Offered knowledge of Flame Tongue by Vehumet.
  2890 | D:5      | Reached skill level 1 in Charms
  2894 | D:5      | Noticed an ogre
  2901 | D:4      | Reached skill level 6 in Ice Magic
  2928 | D:4      | Reached XP level 6. HP: 19/41 MP: 0/10
  3021 | D:5      | Slain by a gnoll

Skill      XL: |  1  2  3  4  5  6 |
---------------+-------------------+-----
Ice Magic      | 4 5 6 |  6.4
Spellcasting   | 3 |  3.0
Charms         | 1 2 |  2.1
Dodging        | |  2.1
Stealth        | |  3.0
Conjurations   | |  0.6

Action                   |  1- 3 |  4- 6 || total
-------------------------+-------+-------++-------
Melee: Unarmed           |    14 |    41 ||    55
       Bite              |       |     7 ||     7
       Dagger            |       |     9 ||     9
 Cast: Freeze            |    76 |    81 ||   157
       Blink             |       |     1 ||     1
  Use: Potion            |       |    16 ||    16
 Stab: Sleeping          |     3 |       ||     3
Armor: Robe              |    19 |    26 ||    45
Dodge: Dodged            |    54 |    82 ||   136
